 Dungeon Crawl Stone Soup version 0.20.0-10-g0535bb4 (webtiles) character file.

989 Graywind the Skirmisher (level 8, -7/80 HPs)
             Began as an Ogre Artificer on June 2, 2017.
             Was a Believer of Qazlal.
             Mangled by a two-headed ogre
             ... wielding a +0 giant spiked club
              (18 damage)
             ... on level 5 of the Dungeon on June 6, 2017.
             The game lasted 00:24:16 (3961 turns).

Graywind the Skirmisher (Ogre Artificer)            Turns: 3961, Time: 00:24:17

Health: -7/80      AC:  4    Str: 18    XL:     8   Next: 18%
Magic:  11/11      EV: 12    Int: 13    God:    Qazlal [**....]
Gold:   178        SH:  2    Dex: 13    Spells: 7/7 levels left

rFire    x . .     SeeInvis .   i - +0 giant spiked club
rCold    + . .     Gourm    .   (shield currently unavailable)
rNeg     . . .     Faith    .   b - +1 robe
rPois    .         Spirit   .   (helmet restricted)
rElec    .         Reflect  .   (no cloak)
rCorr    .         Harm     .   (gloves unavailable)
MR       .....                  (boots unavailable)
Stlth    ++........             (no amulet)
Regen    0.3/turn               l - +4 ring of dexterity
MPRegen  0.2/turn               r - ring of ice

@: no status effects
A: unfitting armour, tough skin 1
a: Upheaval, Renounce Religion


You were on level 5 of the Dungeon.
You worshipped Qazlal.
Qazlal was pleased with you.
You were not hungry.

You visited 1 branch of the dungeon, and saw 5 of its levels.

You collected 178 gold pieces.

Inventory:

Hand Weapons
 i - a +0 giant spiked club (weapon)
Missiles
 h - 3 needles of confusion
 k - 87 arrows
 p - 21 bolts
 v - 19 sling bullets
 x - 2 tomahawks (quivered)
Armour
 b - a +1 robe (worn)
Jewellery
 l - a +4 ring of dexterity (left hand)
 r - a ring of ice (right hand)
Wands
 c - a wand of flame (0/48)
 d - a wand of enslavement (12/24)
 e - a wand of random effects (29/48)
 g - a wand of acid (8/15)
 j - a wand of iceblast (6/15)
 u - a wand of lightning (7/15)
Scrolls
 t - a scroll of recharging
 y - a scroll of blinking {unknown}
 D - a scroll of remove curse {unknown}
Potions
 a - 5 potions of curing
 m - a potion of agility {unknown}
 o - a potion of ambrosia {unknown}
 q - a potion of heal wounds
 s - a potion of cancellation {unknown}
 z - a potion of haste {unknown}
 B - 2 potions of might {unknown}
 C - 2 potions of mutation {unknown}
Comestibles
 f - 3 bread rations
 n - 2 meat rations
 w - 3 fruits
 A - a chunk of flesh


   Skills:
 + Level 5.2 Fighting
   Level 1.0 Short Blades
 + Level 3.7 Maces & Flails
 + Level 4.7 Dodging
 + Level 2.1 Stealth
 + Level 4.1 Evocations


You had 7 spell levels left.
You didn't know any spells.

Dungeon Overview and Level Annotations

Branches:
Dungeon (5/15)
 Temple: D:4-7

Altars:
Dithmenos
Makhleb
Qazlal


Innate Abilities, Weirdness & Mutations

You are too large for most types of armour.
You have tough skin. (AC +1)


Message History

This wand has 30 charges left.
The two-headed ogre barely misses you.
The two-headed ogre hits you with a giant spiked club!
You hit the two-headed ogre.
The two-headed ogre is moderately wounded.
The two-headed ogre barely misses you. The two-headed ogre closely misses you.
You bludgeon the two-headed ogre!!
The two-headed ogre is severely wounded.
The two-headed ogre hits you with a giant spiked club.
The two-headed ogre hits you with a giant spiked club!
The two-headed ogre closely misses you.
The two-headed ogre hits you with a giant spiked club!!
Evoke which item? (* to show all) (? for menu, Esc to quit)
Aiming: Random Effects
Press: ? - help, Shift-Dir - straight line, f/p - two-headed ogre
Aim: a two-headed ogre, wielding two giant spiked clubs (severely wounded, fast) Nothing appears to happen.
This wand has 29 charges left.
The two-headed ogre hits you with a giant spiked club!!
* * * LOW HITPOINT WARNING * * *
The two-headed ogre hits you with a giant spiked club!!
You die...

.....# .?...# #... ..
.....# #... ... .....#
... .... .....#
..#####....
...###########..........
...#<........#..........
...#.........#..........
...#.........#.§@O......
......#########'###.....
....#####...†##...# ...
.....^..#....†....# #
........#....#....+
.##.....#....##...#
.#......#....##...#
..._.........##...#
.....#............#


You could see a two-headed ogre.

Vanquished Creatures
  The ghost of kaze the Slasher, an amateur DsBe of Trog (D:4)
  Grinder (D:3)
  The ghost of raetorn the Slasher, an amateur DsGl (D:3)
  An ogre (D:3)
  2 scorpions (D:4)
  An orc priest (D:3)
  An iguana (D:4)
  A worker ant (D:4)
  2 gnolls (D:3)
  10 adders
  An ooze (D:3)
  A worm (D:3)
  2 leopard geckos
  8 orcs
  5 ball pythons
  4 bats
  4 giant cockroaches
  6 goblins
  6 hobgoblins
  12 jackals
  A quokka (D:2)
  3 frilled lizards
  8 kobolds
  A leopard gecko skeleton (D:4)
  7 rats
90 creatures vanquished.

Vanquished Creatures (collateral kills)
  An ogre (D:4)
  2 gnolls (D:3)
  An adder (D:3)
  2 orcs (D:3)
6 creatures vanquished.

Grand Total: 96 creatures vanquished

Notes
Turn   | Place    | Note
-------+----------+-------------------------------------------
     0 | D:1      | Graywind the Ogre Artificer began the quest for the Orb.
     0 | D:1      | Reached XP level 1. HP: 19/19 MP: 2/2
   105 | D:1      | Reached XP level 2. HP: 14/27 MP: 4/4
   105 | D:1      | Reached skill level 1 in Short Blades
   486 | D:1      | Reached skill level 2 in Fighting
   585 | D:1      | Reached XP level 3. HP: 7/35 MP: 5/5
  1047 | D:2      | Found a stormy altar of Qazlal.
  1064 | D:2      | Became a worshipper of Qazlal Stormbringer
  1248 | D:2      | Reached skill level 1 in Stealth
  1381 | D:3      | Noticed Grinder
  1399 | D:4      | Noticed a scorpion
  1628 | D:4      | Noticed kaze's ghost (amateur DsBe)
  1630 | D:4      | Noticed an ogre
  1644 | D:4      | Killed an ogre
  1644 | D:4      | Reached XP level 4. HP: 32/44 MP: 6/6
  1680 | D:3      | Killed Grinder
  1680 | D:3      | Reached skill level 3 in Fighting
  1680 | D:3      | Reached skill level 1 in Maces & Flails
  1680 | D:3      | Reached XP level 5. HP: 44/53 MP: 7/7
  1680 | D:3      | Reached XP level 6. HP: 51/61 MP: 8/8
  1681 | D:3      | Upgraded the game from 0.20.0-8-g6b59dc7 to 0.20.0-10-g0535bb4
  2072 | D:3      | Noticed raetorn's ghost (amateur DsGl)
  2084 | D:3      | Killed raetorn's ghost
  2084 | D:3      | Reached XP level 7. HP: 53/68 MP: 9/9
  2095 | D:3      | Reached skill level 4 in Fighting
  2197 | D:3      | Found a shadowy altar of Dithmenos.
  2258 | D:3      | Reached * piety under Qazlal
  3288 | D:4      | Killed kaze's ghost
  3288 | D:4      | Reached skill level 5 in Fighting
  3288 | D:4      | Reached XP level 8. HP: 19/80 MP: 11/11
  3636 | D:4      | Reached ** piety under Qazlal
  3835 | D:5      | Entered Level 5 of the Dungeon
  3837 | D:5      | Found a burning altar of Makhleb.
  3953 | D:5      | Noticed a two-headed ogre
  3961 | D:5      | Mangled by a two-headed ogre

Skill      XL: |  1  2  3  4  5  6  7 |
---------------+----------------------+-----
Short Blades   | 1 |  1.0
Fighting       | 2 3 5 |  5.2
Evocations     | 3 4 |  4.1
Dodging        | 2 3 4 |  4.7
Stealth        | 1 2 |  2.1
Maces & Flails | 1 3 |  3.7

Action                   |  1- 3 |  4- 6 |  7- 9 || total
-------------------------+-------+-------+-------++-------
Melee: Short sword       |    46 |       |       ||    46
       Club              |    86 |    17 |       ||   103
       Giant spiked club |       |    61 |   138 ||   199
       Broad axe         |       |    10 |       ||    10
Evoke: Wand              |     9 |    19 |    27 ||    55
  Use: Scroll            |     6 |     2 |     2 ||    10
       Potion            |     2 |       |     1 ||     3
 Stab: Paralysed         |     3 |       |       ||     3
       Sleeping          |       |       |     1 ||     1
  Eat: Chunk             |     2 |     1 |     7 ||    10
       Fruit             |     1 |       |       ||     1
Armor: Robe              |    51 |    49 |    51 ||   151
Dodge: Dodged            |    97 |    83 |   132 ||   312
Block: Other             |       |       |    14 ||    14
